 Dungeon Crawl Stone Soup version bcrawl-1.19.2 (webtiles) character file.

Game seed: 8616094073670936790

4099 Artagas the Zephyrmancer (level 10, 0/59 HPs)
             Began as an Avariel Air Elementalist on Dec 12, 2019.
             Was an Initiate of Ashenzari.
             Slain by a death yak (4 damage)
             ... on level 7 of the Dungeon.
             The game lasted 00:17:36 (10055 turns).

Artagas the Zephyrmancer (AvAE)                    Turns: 10055, Time: 00:17:37

Health: 0/59       AC:  5    Str:  6    XL:     10   Next: 26%
Magic:  1/23       EV: 17    Int: 25    God:    Ashenzari [......]
Gold:   191        SH:  0    Dex: 13    Spells: 3/23 levels left

rFire    . . .     SeeInvis .   q - +1 dagger
rCold    . . .     Gourm    .   (no shield)
rNeg     . . .     Faith    .   a - +0 robe
rPois    .         Spirit   .   (no helmet)
rElec    +         Reflect  .   p - +2 cloak (curse)
rCorr    .         Harm     .   (no gloves)
MR       +....                  (no boots)
Stlth    ++........             m - amulet of the acrobat (curse)
HPRegen  0.19/turn              b - ring of insulation (curse)
MPRegen  0.18/turn              o - ring of wizardry

@: swift, very quick
A: able to fly
a: Fly, Curse Item, Renounce Religion


You were on level 7 of the Dungeon.
You worshipped Ashenzari.
Ashenzari was noncommittal.
You were near starving.

You visited 2 branches of the dungeon, and saw 9 of its levels.

You collected 490 gold pieces.
You spent 299 gold pieces at shops.

Inventory:

Hand Weapons
 q - a +1 dagger (weapon)
   (You took it off a goblin on level 2 of the Dungeon)
Missiles
 x - a throwing net (quivered) {!f}
Armour
 a - a +0 robe (worn)
 p - a cursed +2 cloak (worn)
   (You found it on level 2 of the Dungeon)
Jewellery
 b - a cursed ring of insulation (left hand)
   (You found it on level 2 of the Dungeon)
 i - an uncursed amulet of faith
   (You found it on level 1 of the Dungeon)
 m - a cursed amulet of the acrobat (around neck)
   (You found it on level 3 of the Dungeon)
 o - a ring of wizardry (right hand)
   (You found it on level 2 of the Dungeon)
Wands
 z - a wand of polymorph (8)
   (You took it off Ijyb on level 3 of the Dungeon)
 C - a wand of clouds (4)
   (You found it on level 5 of the Dungeon)
 F - a wand of acid (9)
   (You found it on level 7 of the Dungeon)
Scrolls
 l - a scroll of fog
 t - 3 scrolls of teleportation
 u - a scroll of enchant weapon
 y - a scroll of immolation
 A - a scroll of enchant armour
 B - 4 scrolls of remove curse
 D - a scroll of magic mapping
Potions
 c - a potion of flight
 d - 3 potions of degeneration
 f - 2 potions of lignification
 g - 2 potions of brilliance
 h - a potion of haste
 k - 3 potions of magic
 n - 2 potions of resistance
 s - 2 potions of agility
 v - 6 potions of mutation
 w - 3 potions of heal wounds
 E - 5 potions of curing
Comestibles
 e - 14 rations {!d}


   Skills:
 + Level 5.0 Fighting
 + Level 8.2 Dodging
 - Level 4.0 Stealth
 + Level 7.3 Spellcasting
 - Level 1.3 Conjurations
 - Level 5.2 Summonings
 - Level 11.0 Air Magic


You had 3 spell levels left.
You knew the following spells:

 Your Spells              Type           Power        Failure   Level  Hunger
a - Shock                 Conj/Air       #####        1%          1    None
b - Static Discharge      Air            ######..     1%          3    None
c - Airstrike             Air            ######....   1%          4    ###....
d - Summon Lightning Spi  Summ/Air       ######..     2%          5    #####..
e - Lightning Bolt        Conj/Air       #####.....   6%          5    #####..
f - Swiftness             Chrm/Air       #####...     1%          2    None

Your spell library contained the following spells:

 Spells                   Type           Power        Failure   Level  Hunger
 Magic Dart               Conj           ###.         1%          1    None
 Summon Small Mammal      Summ           ####         1%          1    None
 Call Imp                 Summ           #####.       1%          2    None
 Call Canine Familiar     Summ           #####...     1%          3    None
 Mephitic Cloud           Conj/Pois/Air  ####....     1%          3    None
 Sandblast                Erth           #.....       2%          1    None
 Blink                    Tloc           N/A          4%          2    None
 Passwall                 Tmut/Erth      #.......     4%          2    None
 Conjure Flame            Conj/Fire      ##......     6%          3    None
 Stone Arrow              Conj/Erth      ##....       6%          3    None
 Spider Form              Tmut/Pois      #..          8%          3    None
 Summon Ice Beast         Ice/Summ       ###.....     9%          4    ###....
 Petrify                  Tmut/Erth      #.......     26%         4    ###....
 Lee's Rapid Deconstruct  Erth           #.........   54%         5    #####..


Dungeon Overview and Level Annotations

Branches:
Dungeon (8/12)             Temple (1/1) D:7
   Lair: D:7-9          Orc: D:8-11

Altars:
Ashenzari
Cheibriados
Dithmenos
Elyvilon
Fedhas
Gozag
Hepliaklqana
Kikubaaqudgha
Lugonu
Makhleb
Nemelex Xobeh
Okawaru
Qazlal
Ru
Sif Muna
Trog
Uskayaw
Vehumet
Wu Jian
Xom
Yredelemnul
Zin
The Shining One

Shops:
D:4 }   D:5 ::!   D:7 :


Innate Abilities, Weirdness & Mutations

You can fly continuously.


Message History

You hear a shout! x4
Your lightning spire shoots out a bolt of lightning at the death yak!
The bolt of electricity hits the death yak.
Casting: Lightning Bolt (safe; 7% risk of failure)
Confirm with . or Enter, or press ? or * to list all spells.
Aiming: Lightning Bolt (safe; 7% risk of failure)
Press: ? - help, Shift-Dir - straight line, f/p - death yak
Aim: a death yak (heavily wounded)
You hear a mighty clap of thunder!
The bolt of lightning hits the death yak.
The death yak is severely wounded.
You hear a bellow! x2; You hear an angry hiss.
Casting: Lightning Bolt (safe; 7% risk of failure)
Confirm with . or Enter, or press ? or * to list all spells.
Aiming: Lightning Bolt (safe; 7% risk of failure)
Press: ? - help, Shift-Dir - straight line, f/p - death yak
Aim: a death yak (severely wounded)
You hear a mighty clap of thunder!
The bolt of lightning hits the death yak.
The death yak is almost dead.
You are near starving!
You hear an angry growl.
Your lightning spire shoots out a bolt of lightning at the death yak!
The bolt of electricity hits the death yak.
Casting: Lightning Bolt (safe; 7% risk of failure)
Confirm with . or Enter, or press ? or * to list all spells.
Okay, then.
Casting: Lightning Bolt (safe; 7% risk of failure)
Confirm with . or Enter, or press ? or * to list all spells.
Aiming: Shock (safe; 1% risk of failure)
Press: ? - help, Shift-Dir - straight line, f/p - death yak
Aim: a death yak (almost dead)
The zap hits the death yak.
You kill the death yak!
Training target 11.0 for Air Magic reached!
Your Air Magic skill increases to level 11!
You need to enable at least one skill for training.
The zap hits the bullfrog.
The bullfrog is lightly wounded.
Your lightning spire shoots out a bolt of lightning at the bullfrog!
The bolt of electricity hits the bullfrog. x2
The bolt of electricity hits your lightning spire.
Your lightning spire completely resists.
Casting: Shock (safe; 1% risk of failure)
Confirm with . or Enter, or press ? or * to list all spells.
Aiming: Shock (safe; 1% risk of failure)
Press: ? - help, Shift-Dir - straight line, f - bullfrog
Aim: a bullfrog (severely wounded)
The zap hits the bullfrog.
The bullfrog is almost dead.
The bullfrog hits you.
A worker ant comes into view.
A death yak comes into view.
Casting: Shock (safe; 1% risk of failure)
Confirm with . or Enter, or press ? or * to list all spells.
You don't have enough magic to cast that spell.
Unknown command.
You closely miss the bullfrog.
The bullfrog is almost dead.
The bullfrog closely misses you.
The death yak gores you but does no damage.
The bullfrog barely misses you.
You closely miss the bullfrog.
The bullfrog is almost dead.
A yak comes into view.
The bullfrog barely misses you. The death yak completely misses you.
Your lightning spire shoots out a bolt of lightning at the bullfrog!
The bolt of electricity hits the bullfrog.
The bullfrog dies!
The bolt of electricity hits your lightning spire.
Your lightning spire completely resists.
A yak comes into view.
HP restored.
The death yak barely misses you.
Your lightning spire shoots out a bolt of lightning at the death yak!
The bolt of electricity hits the death yak.
You climb upwards.
Your summoned ally is left behind.
There is a stone staircase leading down here.
The death yak gores you!! The death yak misses you.
Casting: Shock (safe; 1% risk of failure)
Confirm with . or Enter, or press ? or * to list all spells.
Aiming: Summon Lightning Spire (safe; 2% risk of failure)
Press: ? - help, Dir - move target cursor An electric hum fills the air.
The death yak gores you!!
Your lightning spire shoots out a bolt of lightning at the death yak!
The bolt of electricity hits the death yak.
Your lightning spire shoots out a bolt of lightning at the death yak!
The bolt of electricity misses the death yak.
Your lightning spire shoots out a bolt of lightning at the death yak!
The bolt of electricity hits the death yak.
The death yak gores you!
* * * LOW HITPOINT WARNING * * *
As you read the scroll of fear, it crumbles to dust.
You assume a fearsome visage.
The death yak resists with some effort.
The death yak gores you!
* * * LOW HITPOINT WARNING * * *
Okay, then.
Casting: Summon Lightning Spire (safe; 2% risk of failure)
Confirm with . or Enter, or press ? or * to list all spells.
You feel quick. The death yak gores you.
You die...

.#...................##.....(# ##
.#...................##......# #
.................##...##.....# #
#...........>.........######## #
+..........##.........# #####
##.........#..........# #....
##....................#######.##.
##............................##.
###.#.......#...@.............##.
###.#.......#....Y...#........##.
...>#......#######............###
....#......##.................#
...)#########.................#
..).# #................######
....#####....................#
....#........................#
.............................#


You could see a death yak.

Vanquished Creatures
  A death yak (D:8)
  A two-headed ogre (D:7)
  3 centaur skeletons
  A spriggan (D:7)
  Sigmund (D:6)
  A crocodile (D:7)
  2 ice beasts (D:5)
  3 phantoms
  3 sky beasts
  2 ogres
  A bullfrog (D:6)
  A scorpion (D:4)
  2 killer bees (D:7)
  A howler monkey (D:6)
  3 crimson imps
  3 hounds
  3 orc wizards
  An orc priest (D:7)
  Jessica (D:3)
  Ijyb (D:3)
  Terence (D:3)
  2 iguanas (D:7)
  2 worker ants
  A gnoll (D:7)
  6 adders
  A shadow imp (D:5)
  2 oozes
  5 worms
  A dart slug (D:2)
  2 leopard geckos
  10 orcs
  A ball python (D:2)
  3 giant cockroaches
  5 goblins
  9 hobgoblins
  5 jackals (D:3)
  A quokka (D:3)
  3 bats
  4 frilled lizards (D:1)
  A jackal skeleton (D:4)
  9 kobolds
  A rat (D:2)
110 creatures vanquished.

Vanquished Creatures (collateral kills)
  Grinder (D:6)
  A bullfrog (D:8)
  A killer bee (D:7)
  An orc priest (D:7)
  An orc wizard (D:6)
  2 gnolls (D:7)
  An adder skeleton (D:7)
  3 orcs
11 creatures vanquished.

Grand Total: 121 creatures vanquished

Notes
Turn   | Place    | Note
-------+----------+-------------------------------------------
     0 | D:1      | Artagas the Avariel Air Elementalist began the quest for
                  | the Orb.
     0 | D:1      | Reached XP level 1. HP: 10/10 MP: 6/6
   717 | D:1      | Reached XP level 2. HP: 15/15 MP: 5/7
   739 | D:1      | Reached skill level 3 in Spellcasting
   743 | D:1      | Learned a level 2 spell: Swiftness
  1127 | D:1      | Reached XP level 3. HP: 19/19 MP: 6/9
  1218 | D:1      | Reached skill level 3 in Stealth
  1484 | D:1      | Learned a level 3 spell: Static Discharge
  1499 | D:2      | Reached skill level 5 in Air Magic
  1593 | D:2      | Reached XP level 4. HP: 24/24 MP: 3/10
  2145 | D:2      | Reached skill level 6 in Air Magic
  2728 | D:3      | Noticed Jessica
  2732 | D:3      | Killed Jessica
  2786 | D:3      | Reached XP level 5. HP: 28/28 MP: 9/11
  3288 | D:3      | Noticed Ijyb
  3288 | D:3      | Noticed Terence
  3300 | D:3      | Killed Terence
  3300 | D:3      | Reached skill level 7 in Air Magic
  3761 | D:3      | Killed Ijyb
  3933 | D:4      | Found Keliym's Gadget Shoppe.
  3974 | D:4      | Learned a level 4 spell: Airstrike
  4044 | D:4      | Noticed a sky beast
  4047 | D:4      | Killed a sky beast
  4047 | D:4      | Reached XP level 6. HP: 32/32 MP: 0/13
  4159 | D:4      | Reached skill level 4 in Spellcasting
  4373 | D:4      | Reached skill level 4 in Stealth
  4619 | D:4      | Found a corrupted altar of Lugonu.
  4874 | D:5      | Entered Level 5 of the Dungeon
  4914 | D:5      | Reached skill level 8 in Air Magic
  5289 | D:5      | Reached skill level 5 in Spellcasting
  5289 | D:5      | Reached skill level 9 in Air Magic
  5289 | D:5      | Reached XP level 7. HP: 23/36 MP: 2/17
  5298 | D:4      | Learned a level 5 spell: Summon Lightning Spire
  5722 | D:5      | Found Hoafish's Book Shoppe.
  5736 | D:5      | Reached skill level 1 in Summonings
  5819 | D:5      | Reached skill level 1 in Fighting
  5819 | D:5      | Reached skill level 3 in Dodging
  5819 | D:5      | Reached skill level 2 in Summonings
  5819 | D:5      | Reached XP level 8. HP: 43/43 MP: 9/18
  6049 | D:5      | Found Mohixzeq's Distillery.
  6060 | D:5      | Bought a potion of heal wounds for 65 gold pieces
  6060 | D:5      | Bought a potion of magic for 104 gold pieces
  6060 | D:5      | Bought 2 potions of heal wounds for 130 gold pieces
  6080 | D:5      | Found Faeb's Book Shoppe.
  6171 | D:5      | Reached skill level 2 in Fighting
  6294 | D:5      | Reached skill level 3 in Summonings
  6490 | D:5      | Found a shadowy altar of Dithmenos.
  6508 | D:5      | Reached skill level 4 in Dodging
  6619 | D:5      | Reached skill level 4 in Summonings
  6742 | D:5      | Reached skill level 5 in Summonings
  6982 | D:6      | Noticed Grinder
  6988 | D:6      | Killed Grinder
  7270 | D:6      | Reached skill level 6 in Spellcasting
  7275 | D:6      | Reached skill level 3 in Fighting
  7275 | D:6      | Reached skill level 5 in Dodging
  7480 | D:6      | Gained mutation: You can fly continuously. [Avariel growth]
  7480 | D:6      | Reached XP level 9. HP: 50/50 MP: 16/20
  7794 | D:6      | Noticed Sigmund
  7797 | D:6      | Killed Sigmund
  8052 | D:6      | Found a sparkling altar of Nemelex Xobeh.
  8079 | D:7      | Reached skill level 4 in Fighting
  8079 | D:7      | Reached skill level 6 in Dodging
  8189 | D:7      | Noticed a two-headed ogre
  8194 | D:7      | Killed a two-headed ogre
  8194 | D:7      | Reached skill level 7 in Spellcasting
  8194 | D:7      | Reached skill level 10 in Air Magic
  8957 | D:7      | Reached skill level 5 in Fighting
  8957 | D:7      | Reached skill level 7 in Dodging
  8964 | D:7      | Learned a level 5 spell: Lightning Bolt
  9112 | D:7      | Reached XP level 10. HP: 42/59 MP: 0/22
  9467 | D:7      | Reached skill level 8 in Dodging
  9582 | D:7      | Found a staircase to the Ecumenical Temple.
  9630 | D:7      | Found Ykleruir's Book Boutique.
  9701 | Temple   | Entered the Ecumenical Temple
  9951 | Temple   | Became a worshipper of Ashenzari the Shackled
 10001 | D:8      | Noticed a death yak
 10002 | D:8      | Noticed a death yak
 10007 | D:8      | Killed a death yak
 10007 | D:8      | Reached skill level 11 in Air Magic
 10008 | D:8      | Noticed a death yak
 10052 | D:7      | HP: 3/59 [death yak (11)]
 10055 | D:7      | Slain by a death yak

Skill      XL: |  1  2  3  4  5  6  7  8  9 10 |
---------------+-------------------------------+-----
Spellcasting   | 3 5 6 7 |  7.3
Stealth        | 3 4 |  4.0
Air Magic      | 5 6 7 9 10 11 | 11.0
Summonings     | 2 5 |  5.2
Fighting       | 1 3 5 |  5.0
Dodging        | 3 5 7 8 |  8.2
Conjurations   | |  1.3

Action                   |  1- 3 |  4- 6 |  7- 9 | 10-12 || total
-------------------------+-------+-------+-------+-------++-------
Melee: Dagger            |       |     2 |     7 |     2 ||    11
 Cast: Shock             |    67 |    72 |    22 |     4 ||   165
       Static Discharge  |       |     9 |     6 |       ||    15
       Airstrike         |       |    18 |    67 |     6 ||    91
       Summon Lightning  |       |       |     6 |     2 ||     8
       Swiftness         |       |       |     1 |     1 ||     2
       Lightning Bolt    |       |       |       |     3 ||     3
Invok: Curse Item        |       |       |       |     3 ||     3
  Use: Scroll            |     1 |     2 |     1 |    12 ||    16
  Eat: Chunk             |     2 |     8 |     5 |     3 ||    18
       Ration            |       |     2 |     4 |       ||     6
Armor: Robe              |     1 |     8 |     1 |     1 ||    11
Dodge: Dodged            |    11 |    19 |    16 |     8 ||    54

Levels and vault maps discovered:
D:1:      dpeg_arrival_morbid_curiosity, layout_basic
D:2:      layout_basic, kennysheep_generic_room_15
D:3:      layout_loops_corners, uniq_jessica, uniq_ijyb, uniq_terence
D:4:      layout_loops_ring, lemuel_round_altar, serial_shops,
          nicolae_shop_crystal
D:5:      layout_loops_ring, lemuel_crystal_altar, first_ration, serial_shops,
          nicolae_shop_crystal, shop, shop_statue, chequers_decorated_corner
D:6:      layout_basic, nemelex_dance_club_becter, uniq_grinder, uniq_sigmund
D:7:      layout_basic, minmay_temple_entry_poolview, serial_shops, shop,
          the_bakery
D:8:      layout_layer_cave, dpeg_lair_monsters, serial_shops,
          nicolae_shop_waterfront, hangedman_decor_growths
Temple:   roderic_octagonal_lattice_temple

Table legend:
 A = Turns spent in this place as a percentage of turns spent in the entire game.
 B = Non-inter-level travel turns spent in this place as a percentage of non-inter-level travel turns spent in the entire game.
 C = Inter-level travel turns spent in this place as a percentage of turns spent in this place.
 D = Turns resting spent in this place as a percentage of non-inter-level travel turns spent in this place.
 E = Turns spent auto-exploring this place as a percentage of non-inter-level travel turns spent in this place.
 F = Non-inter-level travel turns spent in this place divided by the number of levels of this place that you've seen.
                   A       B       C       D       E      F
               +-------+-------+-------+-------+-------+----------------------
         Total | 100.0 | 100.0 |   2.3 |  24.0 |  68.4 | 1091.1
       Dungeon |  97.3 |  97.5 |   2.1 |  24.6 |  67.7 | 1196.4
        Temple |   2.7 |   2.5 |   9.8 |   0.0 |  95.6 | 249.0
               +-------+-------+-------+-------+-------+----------------------

Table legend:
 A = Kills in this place as a percentage of kills in entire the game.
 B = Kills by you in this place as a percentage of kills by you in the entire game.
 C = Kills by friends in this place as a percentage of kills by friends in the entire game.
 D = Other kills in this place as a percentage of other kills in the entire game.
 E = Experience gained in this place as a percentage of experience gained in the entire game.
 F = Experience gained in this place divided by the number of levels of this place that you have seen.
                   A       B       C       D       E      F
               +-------+-------+-------+-------+-------+----------------------
         Total | 100.0 | 100.0 | 100.0 |   N/A | 100.0 | 650.7
       Dungeon | 100.0 | 100.0 | 100.0 |   N/A | 100.0 | 732.0
               +-------+-------+-------+-------+-------+----------------------
